 Dungeon Crawl Stone Soup version 0.28-a0-79-g444c7a33f5 (webtiles) character file.

Game seed: 3941273583792658249

3103 mcsnuffy the Ducker (level 9, -7/54 HPs)
             Began as a Deep Elf Fire Elementalist on Aug 3, 2021.
             Was a Follower of Vehumet.
             Killed from afar by Erica (23 damage)
             ... with a bolt of poison
             ... on level 8 of the Dungeon.
             The game lasted 00:35:23 (8442 turns).

mcsnuffy the Ducker (Deep Elf Fire Elementalist)    Turns: 8442, Time: 00:35:24

Health: -7/54      AC:  6    Str:  6    XL:     9   Next: 59%
Magic:  0/20       EV: 15    Int: 23    God:    Vehumet [*.....]
Gold:   257        SH:  4    Dex: 15    Spells: 7/20 levels left

rFire   . . .      SeeInvis .   i - +1 dagger (venom)
rCold   . . .      Faith    .   u - +0 buckler
rNeg    . . .      Spirit   .   a - +0 robe
rPois   .          Reflect  .   (no helmet)
rElec   .          Harm     .   (no cloak)
rCorr   .          Rampage  .   (no gloves)
Will    .....                   (no boots)
Stlth   +++.......              k - amulet of the acrobat
HPRegen 0.18/turn               Z - ring of wizardry
MPRegen 0.17/turn               t - +4 ring of protection

@: lethally poisoned (-7 -> -23)
A: no striking features
a: Renounce Religion


You were on level 8 of the Dungeon.
You worshipped Vehumet.
Vehumet was aware of your devotion.
You visited 2 branches of the dungeon, and saw 9 of its levels.

You collected 257 gold pieces.


   Skills:
 - Level 5.3 Fighting
 + Level 7.2 Dodging
 - Level 5.0 Stealth
 - Level 2.0 Shields
 - Level 6.0 Spellcasting
 - Level 7.0 Conjurations
 - Level 7.0 Fire Magic


You had 7 spell levels left.
You knew the following spells:

 Your Spells              Type           Power      Damage    Failure   Level
c - Conjure Flame         Conj/Fire      39%        6-21      1%          3
f - Foxfire               Conj/Fire      100%       2x1d9     1%          1
l - Fireball              Conj/Fire      19%        3d9       7%          5
y - Sticky Flame          Conj/Fire      39%        2d6       2%          4

Your spell library contained the following spells:

 Spells                   Type           Power      Damage    Failure   Level
 Sandblast                Erth           12%        2d6       4%          1
 Inner Flame              Hex/Fire       23%        N/A       3%          3
 Animate Skeleton         Necr           12%        N/A       4%          1
 Apportation              Tloc           12%        N/A       4%          1
 Corona                   Hex            6%         N/A       4%          1
 Summon Small Mammal      Summ           24%        N/A       4%          1
 Ensorcelled Hibernation  Hex/Ice        12%        N/A       6%          2
 Iskenderun's Battlesphe  Conj           39%        2d9       7%          5
 Gell's Gravitas          Tloc           3%         N/A       13%         3
 Teleport Other           Tloc           6%         N/A       13%         3
 Tukima's Dance           Hex            6%         N/A       13%         3
 Irradiate                Conj/Tmut      11%        3d17      26%         5
 Cause Fear               Hex            3%         N/A       38%         4
 Dispersal                Tloc           3%         N/A       99%         6
 Discord                  Hex            3%         N/A       100%        8
 Chain Lightning          Conj/Air       11%        3d15      100%        9

Inventory:

Hand Weapons
 i - a +1 dagger of venom (weapon)
Armour
 a - a +0 robe (worn)
 d - a +1 ring mail of fire resistance
 u - a +0 buckler (worn)
Jewellery
 k - an amulet of the acrobat (around neck)
 s - a +4 ring of protection
 t - a +4 ring of protection (right hand)
 M - a ring of magical power
 T - a +4 ring of protection
 Z - a ring of wizardry (left hand)
Scrolls
 e - a scroll of fog
 h - 2 scrolls of brand weapon
 m - 3 scrolls of teleportation {@r2}
 o - a scroll of enchant armour {unknown}
 q - a scroll of holy word {unknown}
 r - a scroll of vulnerability
 w - a scroll of magic mapping {unknown}
Potions
 b - a potion of cancellation {unknown}
 c - a potion of flight {unknown}
 f - a potion of attraction {unknown}
 g - a potion of ambrosia
 j - a potion of berserk rage {unknown}
 l - 2 potions of might
 n - a potion of heal wounds {@q2}
 p - a potion of lignification {unknown}
 v - a potion of brilliance {unknown}

Dungeon Overview and Level Annotations

Branches:
Dungeon (8/15)             Temple (1/1) D:5
   Lair: D:8-11

Altars:
Ashenzari
Cheibriados
Dithmenos
Elyvilon
Fedhas
Gozag
Hepliaklqana
Kikubaaqudgha
Makhleb
Nemelex Xobeh
Okawaru
Qazlal
Ru
Sif Muna
Trog
Uskayaw
Vehumet
Wu Jian
Xom
Yredelemnul
Zin

Annotations:
D:6 Maggie
D:7 exclusions: cyclops and slime creature
D:8 Erica

#.##.# #.#####.# #.##.#
####.#####.#######
#.##.####.................
#.##..............[#######
#.######<.##.###......# #
#.........#### #.#....# #
########..######.#....#
#.)#.'..#.#....#
#.@#.#..#.#.#### #
#..{.####.### #
##....####.#########
#...................
#.#....#############
#.#....#############
#.#>.<..............
#.#....####...######
#.#....# #...######


There were no monsters in sight!


Message History

Casting: Fireball (quite dangerous; 7% risk of failure)
Confirm with . or Enter, or press ? or * to list all spells.
The spell is quite dangerous to cast (7% risk of failure)!
Continue anyway?
Aiming: Fireball (quite dangerous; 7% risk of failure)
Press: ? - help, Shift-Dir - straight line The fireball explodes!
The fireball engulfs something!
Okay, then.
Okay, then.
You see here a +0 club.
Something hits you. Something burns you.
You see here a +0 short sword.
You hit something but do no damage. Something hits you! Something burns you.
Casting: Fireball (quite dangerous; 7% risk of failure)
Confirm with . or Enter, or press ? or * to list all spells.
The spell is quite dangerous to cast (7% risk of failure)!
Continue anyway?
Aiming: Fireball (quite dangerous; 7% risk of failure)
Press: ? - help, Shift-Dir - straight line The fireball explodes!
The fireball engulfs something.
The fireball engulfs you!
* * * LOW HITPOINT WARNING * * *
Something hits you.
* * * LOW HITPOINT WARNING * * *
Something burns you.
* * * LOW HITPOINT WARNING * * *
You miss something.
You hear some strange, mumbled words.
A bolt of poison appears from out of thin air!
The bolt of poison hits you!!
You are lethally poisoned!
You die...

Skill      XL: |  1  2  3  4  5  6  7  8  9 |
---------------+----------------------------+-----
Fire Magic     | 4 5 7 |  7.0
Stealth        | 3 4 5 |  5.0
Conjurations   | 3 5 7 |  7.0
Spellcasting   | 4 5 6 |  6.0
Fighting       | 2 5 |  5.3
Dodging        | 4 6 7 |  7.2
Shields        | 2 |  2.0

Action                   |  1- 3 |  4- 6 |  7- 9 || total
-------------------------+-------+-------+-------++-------
Melee: Dagger            |     4 |     8 |    17 ||    29
 Cast: Foxfire           |    78 |    65 |   194 ||   337
       Conjure Flame     |       |     1 |       ||     1
       Sticky Flame      |       |       |     3 ||     3
       Fireball          |       |       |     8 ||     8
  Use: Scroll            |       |     1 |     6 ||     7
       Potion            |       |       |     1 ||     1
 Stab: Sleeping          |       |     2 |     1 ||     3
Armor: Robe              |     7 |    13 |     8 ||    28
Dodge: Dodged            |    11 |    20 |    25 ||    56

Levels and vault maps discovered:
D:1:      minmay_arrival_plants_in_alcoves, layout_loops_corners
D:2:      layout_loops_ring
D:3:      layout_loops_corners
D:4:      layout_basic, kennysheep_nondescript, st_stairs_7
D:5:      layout_basic, lemuel_crystal_altar, grunt_temple_overflow_open,
          minmay_temple_entry_mist
D:6:      layout_loops_corners, nicolae_sextant, kennysheep_another_room,
          kennysheep_generic_room_14, uniq_maggie, uniq_menkaure
D:7:      layout_gridville, nemelex_xobeh_ov_fountains_minmay,
          doesnt_xom_only_xom, minmay_misc_feat_alley,
          ebering_dispersal_statue_hall, kb_rosetta
D:8:      layout_basic, nicolae_overflow_crystal_walls, corexii_checkpoint_a,
          uniq_erica, uniq_maurice
Temple:   nicolae_temple_figure_eight

Notes
Turn   | Place    | Note
-------+----------+-------------------------------------------
     0 | D:1      | mcsnuffy the Deep Elf Fire Elementalist began the quest for
                  | the Orb.
     0 | D:1      | Reached XP level 1. HP: 10/10 MP: 6/6
   355 | D:1      | Reached skill level 4 in Fire Magic
   355 | D:1      | Reached XP level 2. HP: 15/15 MP: 5/8
  1153 | D:2      | Reached XP level 3. HP: 16/19 MP: 2/9
  1527 | D:2      | Reached skill level 5 in Fire Magic
  1631 | D:2      | Got Xiseet's Volume of Confrontation
  1858 | D:2      | Reached skill level 3 in Stealth
  1862 | D:2      | Learned a level 3 spell: Conjure Flame
  2472 | D:3      | Noticed a necrophage
  2481 | D:3      | Killed a necrophage
  2482 | D:3      | Reached skill level 3 in Conjurations
  2482 | D:3      | Reached skill level 4 in Spellcasting
  2482 | D:3      | Reached XP level 4. HP: 24/24 MP: 6/12
  2482 | D:3      | Reached XP level 5. HP: 28/28 MP: 6/13
  2491 | D:3      | Learned a level 4 spell: Sticky Flame
  2751 | D:3      | Reached skill level 1 in Fighting
  3307 | D:4      | Reached skill level 2 in Fighting
  3384 | D:4      | Reached skill level 3 in Dodging
  3573 | D:4      | Noticed a phantom
  3580 | D:4      | Killed a phantom
  3581 | D:4      | Reached skill level 4 in Dodging
  3581 | D:4      | Reached XP level 6. HP: 35/35 MP: 9/14
  3910 | D:4      | Learned a level 5 spell: Fireball
  3939 | D:5      | Entered Level 5 of the Dungeon
  3947 | D:5      | Reached skill level 4 in Stealth
  4054 | D:5      | Found a burning altar of Makhleb.
  4054 | D:5      | Found a white marble altar of Elyvilon.
  4054 | D:5      | Found a shimmering blue altar of Sif Muna.
  4064 | D:5      | Found a glowing silver altar of Zin.
  4064 | D:5      | Found a hide-covered altar of Uskayaw.
  4166 | D:5      | Reached skill level 5 in Spellcasting
  4166 | D:5      | Reached XP level 7. HP: 40/40 MP: 12/17
  4197 | D:5      | Found an ancient bone altar of Kikubaaqudgha.
  4240 | D:5      | Reached skill level 6 in Spellcasting
  4326 | D:5      | Reached skill level 4 in Conjurations
  4587 | D:5      | Reached skill level 5 in Conjurations
  4633 | D:5      | Reached skill level 5 in Dodging
  4813 | D:5      | Found a staircase to the Ecumenical Temple.
  4822 | Temple   | Entered the Ecumenical Temple
  5012 | Temple   | Became a worshipper of Vehumet
  5406 | D:6      | Noticed Maggie
  5622 | D:6      | Reached skill level 6 in Dodging
  5685 | D:6      | Reached XP level 8. HP: 36/44 MP: 14/19
  5920 | D:6      | Reached skill level 6 in Conjurations
  6362 | D:7      | Reached skill level 7 in Conjurations
  6452 | D:7      | Noticed a slime creature
  6504 | D:7      | Reached * piety under Vehumet
  6504 | D:7      | Offered knowledge of Sandblast by Vehumet.
  6680 | D:7      | Reached skill level 6 in Fire Magic
  6909 | D:7      | Noticed a cyclops
  7067 | D:7      | Noticed a troll
  7073 | D:7      | Killed a troll
  7074 | D:7      | Reached skill level 3 in Fighting
  7074 | D:7      | Reached skill level 7 in Fire Magic
  7082 | D:7      | Noticed a two-headed ogre
  7088 | D:7      | Killed a two-headed ogre
  7089 | D:7      | Reached skill level 5 in Fighting
  7089 | D:7      | Reached XP level 9. HP: 54/54 MP: 16/20
  7117 | D:7      | Found a sparkling altar of Nemelex Xobeh.
  7230 | D:7      | Reached skill level 1 in Shields
  7306 | D:7      | Noticed a troll
  7346 | D:7      | Reached skill level 2 in Shields
  7520 | D:8      | Noticed Erica
  7577 | D:7      | Reached skill level 5 in Stealth
  7618 | D:7      | Found an opulent altar of Gozag.
  7640 | D:7      | Found a sacrificial altar of Ru.
  7640 | D:7      | Found a shimmering blue altar of Sif Muna.
  7642 | D:7      | Found a broken altar of Ashenzari.
  7642 | D:7      | Found a hide-covered altar of Uskayaw.
  7642 | D:7      | Found a shimmering altar of Xom.
  8351 | D:8      | Reached skill level 7 in Dodging
  8442 | D:8      | Killed from afar by Erica

Vanquished Creatures
  A two-headed ogre (D:7)
  A troll (D:7)
  A water moccasin (D:7)
  An ice beast (D:7)
  A sky beast (D:5)
  A centaur (D:5)
  2 necrophages
  2 ogres (D:5)
  2 phantoms
  A gnoll sergeant (D:7)
  A bullfrog (D:6)
  A wyvern zombie (D:7)
  A scorpion (D:7)
  A wyvern skeleton (D:7)
  3 killer bees (D:7)
  3 wights
  3 howler monkeys
  A bullfrog skeleton (D:6)
  A hound (D:7)
  3 jellies
  A centaur skeleton (D:6)
  A gnoll shaman (D:6)
  An orc priest (D:6)
  4 iguanas
  4 orc wizards
  A killer bee zombie (D:3)
  2 howler monkey zombies
  7 gnolls
  2 howler monkey skeletons (D:7)
  8 adders
  A white imp (D:7)
  An adder skeleton (D:4)
  2 worms
  2 dart slugs (D:3)
  11 orcs
  9 ball pythons
  5 bats
  An endoplasm (D:2)
  2 giant cockroaches
  5 goblins
  8 hobgoblins
  8 jackals
  11 kobolds
  4 quokkas
  A frilled lizard (D:2)
  9 rats
142 creatures vanquished.

Vanquished Creatures (others)
  504 foxfires
504 creatures vanquished.

Grand Total: 646 creatures vanquished

Table legend: (Time is in decaauts)
 A = Elapsed time spent in this place.
 B = Non-inter-level travel time spent in this place.
 C = Inter-level travel time spent in this place.
 D = Time resting spent in this place.
 E = Time spent auto-exploring this place.
 F = Levels seen in this place.
 G = Mean time per level.
                   A        B        C        D        E       F      G
               +--------+--------+--------+--------+--------+-----+--------+
         Total |   8448 |   8067 |    381 |    637 |   5649 |   9 |  938.7 |
       Dungeon |   8206 |   7836 |    370 |    637 |   5435 |   8 | 1025.8 |
        Temple |    241 |    230 |     11 |      0 |    214 |   1 |  241.0 |
               +--------+--------+--------+--------+--------+-----+--------+

Top non-repeatable levels by time:
     D:7: 1705 daAuts
     D:5: 1180 daAuts
     D:3: 1173 daAuts
     D:1: 1057 daAuts
     D:2: 997 daAuts
     D:6: 979 daAuts
     D:4: 710 daAuts
     D:8: 402 daAuts
  Temple: 241 daAuts

Table legend:
 A = Non-vault XP
 B = Vault XP
 C = Vault XP percentage of total XP
 D = Non-vault monster count
 E = Vault monster count
 F = Vault count percentage of total count
                 A         B        C        D         E       F
            +---------+---------+-------+---------+---------+-------
      Total |    3551 |     883 |  19.9 |     138 |       4 |   2.8
            +---------+---------+-------+---------+---------+-------
        D:1 |      26 |       0 |   0.0 |      17 |       0 |   0.0
        D:2 |      52 |       0 |   0.0 |      24 |       0 |   0.0
        D:3 |     177 |       0 |   0.0 |      16 |       0 |   0.0
        D:4 |     236 |       2 |   0.8 |      22 |       1 |   4.3
        D:5 |     802 |       0 |   0.0 |      14 |       0 |   0.0
        D:6 |     531 |       0 |   0.0 |      16 |       0 |   0.0
        D:7 |    1448 |     877 |  37.7 |      22 |       1 |   4.3
        D:8 |     279 |       4 |   1.4 |       7 |       2 |  22.2
            +---------+---------+-------+---------+---------+-------
